| TOP OF THE 1ST |
|
Charlotte Knights batting - Pitching for Fresno Grizzlies : RHP Ricardo Acosta
|
|
Pitching: RHP Ricardo Acosta
|
|
|
Batting: RHB Jeremy Hoffert
|
0-0: Ball 1-0: Ground out U3 (Groundball, 34S, EV 85.0 MPH)
|
|
Batting: LHB Justin Stickney
|
0-0: Ball 1-0: Called Strike 1-1: Swinging Strike 1-2: Foul Ball, location: 2F 1-2: Foul Ball, location: 2F 1-2: Strikes out looking
|
|
Batting: SHB Ruben Velasco Jr.
|
0-0: Ball 1-0: Ball 2-0: Ball 3-0: Base on Balls
|
|
Batting: RHB Mike Warzecha
|
0-0: Ball 1-0: Foul Ball, location: 2F 1-1: Swinging Strike 1-2: Strikes out swinging
|
| Top of the 1st over - 0 runs, 0 hits, 0 errors, 1 left on base; Charlotte 0 - Fresno 0 |
| BOTTOM OF THE 1ST |
|
Fresno Grizzlies batting - Pitching for Charlotte Knights : RHP Nick Butler
|
|
Pitching: RHP Nick Butler
|
|
|
Batting: LHB Danny Wolver
|
0-0: Ground out 5-3 (Groundball, 56, EV 98.8 MPH)
|
|
Batting: LHB Chris Cabrera
|
0-0: Ball 1-0: Ball 2-0: Ball 3-0: Base on Balls
|
|
Batting: RHB Ramon Castellon
|
0-0: Ball 1-0: Fly out, F9 (Flyball, 9LS, EV 94.4 MPH)
|
|
Batting: LHB Josh Birkner
|
0-0: Called Strike 0-1: Foul Ball, location: 2F 0-2: SINGLE (Groundball, 4M, EV 103.8 MPH) (infield hit) Chris Cabrera to second
|
|
Batting: RHB Mark Marks
|
0-0: Ball 1-0: Ball 2-0: Called Strike 2-1: Ball 3-1: Base on Balls Chris Cabrera to third Josh Birkner to second
|
|
Batting: LHB Mark Dearth
|
0-0: Called Strike 0-1: Foul Ball, location: 2F 0-2: Ball 1-2: Ball 2-2: Fielders Choice at 2nd, 5-4 (Groundball, 56, EV 82.5 MPH)
|
| Bottom of the 1st over - 0 runs, 1 hit, 0 errors, 3 left on base; Charlotte 0 - Fresno 0 |
| TOP OF THE 2ND |
|
Charlotte Knights batting - Pitching for Fresno Grizzlies : RHP Ricardo Acosta
|
|
Batting: LHB John Thurman
|
0-0: SINGLE (Groundball, 34S, EV 69.4 MPH) (infield hit)
|
|
Batting: SHB Josh Conner
|
0-0: Ball John Thurman is caught stealing 2nd base 2-6 1-0: Called Strike 1-1: Fly out, F8 (Flyball, 78D, EV 97.5 MPH)
|
|
Batting: RHB John Iddings
|
0-0: Ball 1-0: Called Strike 1-1: Called Strike 1-2: Ground out 1-3 (Groundball, 34S, EV 70.6 MPH)
|
| Top of the 2nd over - 0 runs, 1 hit, 0 errors, 0 left on base; Charlotte 0 - Fresno 0 |
| BOTTOM OF THE 2ND |
|
Fresno Grizzlies batting - Pitching for Charlotte Knights : RHP Nick Butler
|
|
Batting: RHB Bruce Bermudez
|
0-0: Fly out, F7 (Flyball, 7, EV 89.4 MPH)
|
|
Batting: RHB Masaru Konno
|
0-0: Ball 1-0: Called Strike 1-1: Foul Ball, location: 2F 1-2: Foul Ball, location: 2F 1-2: Ball 2-2: Ball 3-2: Base on Balls
|
|
Batting: RHB Cameron Rattenbury
|
0-0: Swinging Strike 0-1: Swinging Strike 0-2: Ball 1-2: Strikes out looking
|
|
Batting: LHB Danny Wolver
|
0-0: Ball Masaru Konno steals 2nd base (no throw) 1-0: Foul Ball, location: 2F 1-1: Called Strike 1-2: Ball 2-2: Strikes out looking
|
| Bottom of the 2nd over - 0 runs, 0 hits, 0 errors, 1 left on base; Charlotte 0 - Fresno 0 |
| TOP OF THE 3RD |
|
Charlotte Knights batting - Pitching for Fresno Grizzlies : RHP Ricardo Acosta
|
|
Batting: RHB Jose Marquez
|
0-0: Foul Ball, location: 2F 0-1: Ball 1-1: Ball 2-1: DOUBLE (Flyball, 78D, EV 102.5 MPH)
|
|
Batting: RHB Dunlang Clark
|
0-0: Ball 1-0: Reached on error, E4 (Groundball, 4, EV 88.1 MPH) Jose Marquez to third
|
|
Batting: RHB Jeremy Hoffert
|
0-0: Called Strike Dunlang Clark steals 2nd base 0-1: Ground out 6-3 (Groundball, 6, EV 83.1 MPH) Jose Marquez scores Dunlang Clark to third
|
|
Batting: LHB Justin Stickney
|
0-0: Ball 1-0: Ground out 3-1 (Groundball, 34S, EV 65.0 MPH) Dunlang Clark scores
|
|
Batting: SHB Ruben Velasco Jr.
|
0-0: Ball 1-0: Foul Ball, location: 2F 1-1: Called Strike 1-2: Strikes out swinging
|
| Top of the 3rd over - 2 runs, 1 hit, 1 error, 0 left on base; Charlotte 2 - Fresno 0 |
| BOTTOM OF THE 3RD |
|
Fresno Grizzlies batting - Pitching for Charlotte Knights : RHP Nick Butler
|
|
Batting: LHB Chris Cabrera
|
0-0: Ball 1-0: Ball 2-0: Foul Ball, location: 2F 2-1: Ball 3-1: SINGLE (Groundball, 6M, EV 85.0 MPH) (infield hit)
|
|
Batting: RHB Ramon Castellon
|
0-0: Ball 1-0: Ball 2-0: Ball 3-0: Called Strike 3-1: Base on Balls Chris Cabrera to second
|
|
Batting: LHB Josh Birkner
|
0-0: Ball 1-0: Ball 2-0: Called Strike 2-1: Ball 3-1: Called Strike 3-2: Base on Balls Chris Cabrera to third Ramon Castellon to second
|
|
Batting: RHB Mark Marks
|
0-0: Grounds into double play, 6-4-3 (Groundball, 6, EV 91.9 MPH) Chris Cabrera scores Ramon Castellon to third
|
|
Batting: LHB Mark Dearth
|
0-0: Swinging Strike 0-1: Ground out 6-3 (Groundball, 4MS, EV 79.4 MPH)
|
| Bottom of the 3rd over - 1 run, 1 hit, 0 errors, 1 left on base; Charlotte 2 - Fresno 1 |
| TOP OF THE 4TH |
|
Charlotte Knights batting - Pitching for Fresno Grizzlies : RHP Ricardo Acosta
|
|
Batting: RHB Mike Warzecha
|
0-0: Foul Ball, location: 2F 0-1: Swinging Strike 0-2: Fly out, F9 (Flyball, 9, EV 87.5 MPH)
|
|
Batting: LHB John Thurman
|
0-0: Called Strike 0-1: Swinging Strike 0-2: Ball 1-2: SINGLE (Groundball, 34D, EV 100.6 MPH)
|
|
Batting: SHB Josh Conner
|
0-0: Called Strike John Thurman steals 2nd base (no throw) 0-1: Called Strike John Thurman steals 3rd base 0-2: Foul Ball, location: 2F 0-2: Ground out 6-3 (Groundball, 6, EV 86.2 MPH) John Thurman scores
|
|
Batting: RHB John Iddings
|
0-0: Called Strike 0-1: Ground out 6-3 (Groundball, 6, EV 88.1 MPH)
|
| Top of the 4th over - 1 run, 1 hit, 0 errors, 0 left on base; Charlotte 3 - Fresno 1 |
| BOTTOM OF THE 4TH |
|
Fresno Grizzlies batting - Pitching for Charlotte Knights : RHP Nick Butler
|
|
Batting: RHB Bruce Bermudez
|
0-0: Foul Ball, location: 2F 0-1: Swinging Strike 0-2: Strikes out swinging
|
|
Batting: RHB Masaru Konno
|
0-0: Swinging Strike 0-1: Ball 1-1: Called Strike 1-2: Foul Ball, location: 2F 1-2: Strikes out swinging
|
|
Batting: RHB Cameron Rattenbury
|
0-0: Ball 1-0: Ball 2-0: Called Strike 2-1: Fly out, F8 (Flyball, 8LD, EV 78.8 MPH)
|
| Bottom of the 4th over - 0 runs, 0 hits, 0 errors, 0 left on base; Charlotte 3 - Fresno 1 |
| TOP OF THE 5TH |
|
Charlotte Knights batting - Pitching for Fresno Grizzlies : RHP Ricardo Acosta
|
|
Batting: RHB Jose Marquez
|
0-0: Ball 1-0: Ball 2-0: Foul Ball, location: 2F 2-1: DOUBLE (Groundball, 5L, EV 100.6 MPH)
|
|
Batting: RHB Dunlang Clark
|
0-0: Ball 1-0: Ball 2-0: Ball 3-0: Base on Balls
|
|
Batting: RHB Jeremy Hoffert
|
0-0: Ball 1-0: Foul Ball, location: 2F 1-1: Swinging Strike 1-2: Foul Ball, location: 2F 1-2: Strikes out swinging
|
|
Batting: LHB Justin Stickney
|
0-0: Grounds into double play, 4-6-3 (Groundball, 34, EV 110.0 MPH)
|
| Top of the 5th over - 0 runs, 1 hit, 0 errors, 1 left on base; Charlotte 3 - Fresno 1 |
| BOTTOM OF THE 5TH |
|
Fresno Grizzlies batting - Pitching for Charlotte Knights : RHP Nick Butler
|
|
Batting: LHB Danny Wolver
|
0-0: Ball 1-0: Called Strike 1-1: Ball 2-1: Ground out 6-3 (Groundball, 6, EV 111.2 MPH)
|
|
Batting: LHB Chris Cabrera
|
0-0: Called Strike 0-1: DOUBLE (Line Drive, 89XD, EV 111.2 MPH)
|
|
Batting: RHB Ramon Castellon
|
0-0: Ball 1-0: Foul Ball, location: 2F 1-1: Ball 2-1: Ball 3-1: SINGLE (Groundball, 34D, EV 107.5 MPH) Chris Cabrera to third
|
|
Batting: LHB Josh Birkner
|
0-0: Called Strike 0-1: Called Strike 0-2: Ball 1-2: Ball 2-2: 3-RUN HOME RUN (Flyball, 9LD, EV 95.0 MPH), Distance : 347 ft
|
|
Batting: RHB Mark Marks
|
0-0: Ball 1-0: Swinging Strike 1-1: Ball 2-1: Foul Ball, location: 2F 2-2: Fly out, F8 (Flyball, 8LD, EV 86.9 MPH)
|
|
Pitching: LHP Juan Fuentes
|
|
|
Batting: LHB Mark Dearth
|
0-0: Ball 1-0: Ball 2-0: SINGLE (Line Drive, 89S, EV 101.9 MPH)
|
|
Batting: RHB Bruce Bermudez
|
0-0: Ball 1-0: Foul Ball, location: 2F 1-1: Ball 2-1: Ball 3-1: SINGLE (Groundball, 4MD, EV 110.0 MPH) Mark Dearth to second Runner from 2nd tries for 3rd, OUT! 8-5
|
| Bottom of the 5th over - 3 runs, 5 hits, 0 errors, 1 left on base; Charlotte 3 - Fresno 4 |
| TOP OF THE 6TH |
|
Charlotte Knights batting - Pitching for Fresno Grizzlies : RHP Ricardo Acosta
|
|
Batting: SHB Ruben Velasco Jr.
|
0-0: DOUBLE (Groundball, 5L, EV 102.5 MPH)
|
|
Batting: RHB Mike Warzecha
|
0-0: Ball 1-0: Foul Ball, location: 2F 1-1: Ball 2-1: Called Strike 2-2: Ball 3-2: 2-RUN HOME RUN (Flyball, 9D, EV 95.0 MPH), Distance : 366 ft
|
|
Pitching: RHP Gerardo Huerta
|
|
|
Batting: LHB John Thurman
|
0-0: Called Strike 0-1: Ball 1-1: Fly out, F4 (Line Drive, 4M, EV 68.8 MPH)
|
|
Batting: SHB Josh Conner
|
0-0: Called Strike 0-1: Ball 1-1: Ball 2-1: Ball 3-1: Foul Ball, location: 2F 3-2: Strikes out swinging
|
|
Batting: RHB John Iddings
|
0-0: Fly out, F8 (Line Drive, 89M, EV 95.0 MPH)
|
| Top of the 6th over - 2 runs, 2 hits, 0 errors, 0 left on base; Charlotte 5 - Fresno 4 |
| BOTTOM OF THE 6TH |
|
Fresno Grizzlies batting - Pitching for Charlotte Knights : LHP Juan Fuentes
|
|
Batting: RHB Masaru Konno
|
0-0: Ground out 6-3 (Groundball, 6, EV 83.1 MPH)
|
|
Batting: RHB Cameron Rattenbury
|
0-0: Swinging Strike 0-1: Called Strike 0-2: Foul Ball, location: 2F 0-2: Strikes out swinging
|
|
Batting: LHB Danny Wolver
|
0-0: Called Strike 0-1: Ball 1-1: Foul Ball, location: 2F 1-2: Ground out 6-3 (Groundball, 6, EV 78.8 MPH)
|
| Bottom of the 6th over - 0 runs, 0 hits, 0 errors, 0 left on base; Charlotte 5 - Fresno 4 |
| TOP OF THE 7TH |
|
Charlotte Knights batting - Pitching for Fresno Grizzlies : RHP Gerardo Huerta
|
|
Batting: RHB Jose Marquez
|
0-0: Called Strike 0-1: Ground out 6-3 (Groundball, 56D, EV 96.2 MPH)
|
|
Batting: RHB Dunlang Clark
|
0-0: Ball 1-0: Ground out 1-3 (Groundball, 23, EV 60.6 MPH)
|
|
Batting: RHB Jeremy Hoffert
|
0-0: Called Strike 0-1: Called Strike 0-2: Foul Ball, location: 2F 0-2: Strikes out swinging
|
| Top of the 7th over - 0 runs, 0 hits, 0 errors, 0 left on base; Charlotte 5 - Fresno 4 |
| BOTTOM OF THE 7TH |
|
Fresno Grizzlies batting - Pitching for Charlotte Knights : LHP Juan Fuentes
|
|
Now at 2B: Steve Waltenbery
|
|
|
Batting: LHB Chris Cabrera
|
0-0: Ball 1-0: Foul Ball, location: 2F 1-1: Ball 2-1: Ball 3-1: Base on Balls
|
|
Batting: RHB Ramon Castellon
|
0-0: Foul Ball, location: 2F 0-1: Ball 1-1: Grounds into double play, 6-4-3 (Groundball, 6, EV 88.1 MPH)
|
|
Batting: LHB Josh Birkner
|
0-0: Called Strike 0-1: Ball 1-1: Foul Ball, location: 2F 1-2: Ball 2-2: Foul Ball, location: 2F 2-2: Strikes out swinging
|
| Bottom of the 7th over - 0 runs, 0 hits, 0 errors, 0 left on base; Charlotte 5 - Fresno 4 |
| TOP OF THE 8TH |
|
Charlotte Knights batting - Pitching for Fresno Grizzlies : RHP Gerardo Huerta
|
|
Batting: LHB Justin Stickney
|
0-0: Ball 1-0: Called Strike 1-1: Foul Ball, location: 2F 1-2: Strikes out looking
|
|
Batting: SHB Ruben Velasco Jr.
|
0-0: Swinging Strike 0-1: Foul Ball, location: 2F 0-2: Strikes out swinging
|
|
Batting: RHB Mike Warzecha
|
0-0: Swinging Strike 0-1: Ball 1-1: Foul Ball, location: 2F 1-2: Ball 2-2: Strikes out swinging
|
| Top of the 8th over - 0 runs, 0 hits, 0 errors, 0 left on base; Charlotte 5 - Fresno 4 |
| BOTTOM OF THE 8TH |
|
Fresno Grizzlies batting - Pitching for Charlotte Knights : LHP Juan Fuentes
|
|
Pitching: RHP Chris Worster
|
|
|
Now at 1B: Olaf Zoeteman
|
|
|
Batting: RHB Mark Marks
|
0-0: Ball 1-0: Ball 2-0: Called Strike 2-1: Fly out, F6 (Line Drive, 6, EV 68.8 MPH)
|
|
Batting: LHB Mark Dearth
|
0-0: Swinging Strike 0-1: Ball 1-1: Fly out, F9 (Flyball, 9, EV 97.5 MPH)
|
|
Batting: RHB Bruce Bermudez
|
0-0: Ball 1-0: Ball 2-0: Ball 3-0: Base on Balls
|
|
Batting: RHB Masaru Konno
|
0-0: Called Strike 0-1: Foul Ball, location: 2F 0-2: Ball 1-2: SINGLE (Line Drive, 9LM, EV 103.1 MPH) Bruce Bermudez to second
|
|
Batting: RHB Cameron Rattenbury
|
0-0: Ball 1-0: 3-RUN HOME RUN (Flyball, 9D, EV 96.2 MPH), Distance : 380 ft
|
|
Pitching: RHP Jesus Griego
|
|
|
Batting: LHB Danny Wolver
|
0-0: Called Strike 0-1: Swinging Strike 0-2: Strikes out swinging
|
| Bottom of the 8th over - 3 runs, 2 hits, 0 errors, 0 left on base; Charlotte 5 - Fresno 7 |
| TOP OF THE 9TH |
|
Charlotte Knights batting - Pitching for Fresno Grizzlies : RHP Gerardo Huerta
|
|
Pitching: RHP Bobby Leija
|
|
|
Now at 1B: Sean Mounts
|
|
|
Now in LF: Andrew Pride
|
|
|
Now in CF: Cameron Rattenbury
|
|
|
Now in RF: Bruce Bermudez
|
|
|
Batting: LHB John Thurman
|
0-0: Called Strike 0-1: Ball 1-1: Foul Ball, location: 2F 1-2: Strikes out swinging
|
|
Batting: SHB Josh Conner
|
0-0: Ball 1-0: Called Strike 1-1: Called Strike 1-2: Foul Ball, location: 2F 1-2: Foul Ball, location: 2F 1-2: Strikes out looking
|
|
Pinch Hitting: SHB Ethan Villalobos
|
0-0: Ball 1-0: Ball 2-0: Swinging Strike 2-1: Foul Ball, location: 2F 2-2: Ball 3-2: Strikes out looking
|
| Top of the 9th over - 0 runs, 0 hits, 0 errors, 0 left on base; Charlotte 5 - Fresno 7 |
|